 Dungeon Crawl Stone Soup version 0.21.1-1-g345015f (webtiles) character file.

135263 keltmir the Fighter (level 17, -3/135 HPs)
             Began as a Gnoll Wanderer on Apr 8, 2018.
             Was the Champion of Okawaru.
             Slain by a swamp worm (12 damage)
             ... called by a spriggan druid
             ... on level 3 of the Swamp.
             The game lasted 02:31:17 (40715 turns).

keltmir the Fighter (Gnoll Wanderer)               Turns: 40715, Time: 02:31:18

Health: -3/135     AC: 30    Str: 23    XL:     17   Next: 19%
Magic:  31/32      EV: 13    Int: 16    God:    Okawaru [******]
Gold:   1319       SH: 10    Dex: 14    Spells: 22/39 levels left

rFire    + + .     SeeInvis +   b - +9 demon trident (flame)
rCold    x . .     Gourm    .   O - +0 buckler
rNeg     . . .     Faith    .   P - +3 plate armour {rF+}
rPois    +         Spirit   .   N - +2 helmet {SInv}
rElec    +         Reflect  +   C - +2 cloak {+Inv}
rCorr    .         Harm     .   s - +2 pair of gloves
MR       +....                  p - +0 pair of boots
Stlth    ..........             S - +3 amulet of reflection
HPRegen  0.32/turn              Y - ring of poison resistance
MPRegen  0.23/turn              w - ring "Fielan" {Fire +Blink rElec Int+2}

@: very slightly contaminated, invisible, very slow
A: distributed training, fangs 1, strong nose
a: Heroism, Finesse, Renounce Religion, Evoke Blink


You were on level 3 of the Swamp.
You worshipped Okawaru.
Okawaru was exalted by your worship.
You were not hungry.

You visited 5 branches of the dungeon, and saw 27 of its levels.
You also visited: Labyrinth and Volcano.

You collected 2348 gold pieces.
You spent 1029 gold pieces at shops.

Inventory:

Hand Weapons
 a - a +0 blowgun
 b - a +9 demon trident of flaming (weapon)
 m - the +6 long sword of Elam {venom, Str+4 Int+3}
   (You found it on level 15 of the Dungeon)

   It poisons the flesh of those it strikes.
   It affects your strength (+4).
   It affects your intelligence (+3).
 U - the +7 flail "Hiatym" {crush, rPois rN+}
   (You found it on level 6 of the Lair of Beasts)

   It inflicts extra damage upon your enemies.
   It protects you from poison.
   It protects you from negative energy.
Missiles
 x - 168 poisoned needles
 F - 18 curare-tipped needles
 G - 2 javelins
 H - 4 throwing nets
 R - 3 poisoned javelins (quivered)
Armour
 p - a +0 pair of boots (worn)
 s - a +2 pair of gloves (worn)
 C - a +2 cloak of invisibility (worn)
 N - a +2 helmet of see invisible (worn)
 O - a +0 buckler (worn)
 P - a +3 plate armour of fire resistance (worn)
Jewellery
 j - an uncursed ring of ice
 w - the ring "Fielan" (right hand) {Fire +Blink rElec Int+2}
   (You took it off a centaur on level 7 of the Dungeon)

   [ring of fire]

   It enhances your fire magic.
   It affects your intelligence (+2).
   It protects you from fire.
   It makes you vulnerable to cold.
   It insulates you from electricity.
   It lets you blink.
 K - an uncursed ring of resist corrosion
 M - an uncursed ring of fire
 S - a +3 amulet of reflection (around neck)
 Y - a ring of poison resistance (left hand)
Wands
 c - a wand of clouds (7)
 u - a wand of disintegration (47)
 y - a wand of acid (11)
 A - a wand of scattershot (12)
 J - a wand of iceblast (7)
 T - a wand of flame (28)
Scrolls
 e - 3 scrolls of identify
 g - 12 scrolls of teleportation
 k - 4 scrolls of fog
 l - 2 scrolls of magic mapping
 o - a scroll of fear
 q - 5 scrolls of remove curse
 r - 4 scrolls of amnesia
 t - a scroll of holy word
 V - 6 scrolls of enchant armour
Potions
 d - 7 potions of flight
 h - 4 potions of haste
 i - 8 potions of curing
 n - 2 potions of brilliance
 v - 6 potions of agility
 E - 4 potions of lignification
 I - a potion of mutation
 L - 5 potions of might
 Q - a potion of invisibility
 X - 5 potions of berserk rage
Books
 B - a book of Unlife

   Spells                             Type                      Level
   a - Recall                         Summoning/Translocation      3
   b - Animate Dead                   Necromancy                   4
   c - Borgnjor's Vile Clutch         Necromancy/Earth             5
   d - Death Channel                  Necromancy                   6
   e - Simulacrum                     Ice/Necromancy               6
 D - a book of Battle

   Spells                             Type                      Level
   a - Infusion                       Charms                       1
   b - Shroud of Golubria             Charms/Translocation         2
   c - Song of Slaying                Charms                       2
   d - Spectral Weapon                Hexes/Charms                 3
   e - Regeneration                   Charms/Necromancy            3
 W - a book of Air

   Spells                             Type                      Level
   a - Shock                          Conjuration/Air              1
   b - Swiftness                      Charms/Air                   2
   c - Static Discharge               Conjuration/Air              3
   d - Airstrike                      Air                          4
   e - Lightning Bolt                 Conjuration/Air              5
 Z - a book of Beasts

   Spells                             Type                      Level
   a - Summon Butterflies             Summoning                    1
   b - Call Canine Familiar           Summoning                    3
   c - Summon Ice Beast               Ice/Summoning                4
   d - Summon Mana Viper              Hexes/Summoning              5
   e - Summon Hydra                   Summoning                    7
Comestibles
 f - 38 rations


   Skills:
 + Level 12.7 Fighting
 + Level 11.2 Short Blades
 + Level 11.2 Long Blades
 + Level 11.2 Axes
 + Level 11.2 Maces & Flails
 + Level 11.2 Polearms
 + Level 11.2 Staves
 + Level 11.2 Slings
 + Level 11.2 Bows
 + Level 11.2 Crossbows
 + Level 11.2 Throwing
 + Level 11.2 Armour
 + Level 11.4 Dodging
 + Level 11.4 Stealth
 + Level 11.4 Shields
 + Level 11.2 Unarmed Combat
 + Level 11.5 Spellcasting
 + Level 9.5 Conjurations
 + Level 9.5 Hexes
 + Level 9.5 Charms
 + Level 9.8 Summonings
 + Level 9.5 Necromancy
 + Level 9.5 Translocations
 + Level 9.5 Transmutations
 + Level 9.5 Fire Magic
 + Level 9.5 Ice Magic
 + Level 9.5 Air Magic
 + Level 9.8 Earth Magic
 + Level 9.5 Poison Magic
 + Level 12.1 Invocations
 + Level 11.4 Evocations


You had 22 spell levels left.
You knew the following spells:

 Your Spells              Type           Power        Failure   Level  Hunger
a - Conjure Flame         Conj/Fire      ######..     5%          3    None
b - Swiftness             Chrm/Air       #####...     2%          2    None
c - Ozocubu's Armour      Chrm/Ice       #####...     5%          3    None
d - Call Canine Familiar  Summ           #####...     4%          3    None
e - Regeneration          Chrm/Necr      #####.....   5%          3    None
f - Spectral Weapon       Hex/Chrm       #####...     5%          3    None


Dungeon Overview and Level Annotations

Branches:
Dungeon (15/15)            Temple (1/1) D:7            Lair (6/6) D:8
  Swamp (3/4) Lair:3       Spider (0/4) Lair:4        Slime (0/5) Lair:6
    Orc (2/2) D:11            Elf (0/3) Orc:2        Vaults (0/5) D:13
 Depths (0/5) D:15

Altars:
Ashenzari
Dithmenos
Elyvilon
Fedhas
Gozag
Kikubaaqudgha
Makhleb
Okawaru
Qazlal
Ru
Sif Muna
Uskayaw
Vehumet
Wu Jian
Yredelemnul
Zin
The Shining One

Shops:
D:12 !   D:15 *   Orc:2 *(==

Annotations:
D:14 exclusion: Roxanne, Roxanne


Innate Abilities, Weirdness & Mutations

Your experience applies equally to all skills.
You have very sharp teeth.
Your uncanny sense of smell can sniff out nearby items.


Message History

The swamp worm bites you but does no damage.
Okay, then.
Evoke which item? (* to show all) (? for menu, Esc to quit)
Aiming: Cloud Cone
Press: ? - help, Dir - move target cursor, f/p - spriggan berserker
Aim: a spriggan berserker, wielding an antimagic rapier and wearing an animal skin (moderately wounded, berserk, fast, unusually strong, regenerating, resistant to hostile enchantments)
You create a blast of freezing vapour!
You are hit by a branch!
* * * LOW HITPOINT WARNING * * *
The spriggan berserker is engulfed in freezing vapours.
The spriggan berserker barely misses you.
The deep elf knight is engulfed in freezing vapours.
You kill the deep elf knight!
Okawaru accepts your kill.
You hear a splash. x3
You block the swamp worm's attack.
The spriggan druid is engulfed in freezing vapours.
The spriggan berserker is engulfed in freezing vapours.
You block the spriggan berserker's attack.
The swamp worm bites you!
You die...

♣≈≈. ♣♣≈♣♣♣♣ ♣ ♣≈(♣♣
♣.≈≈♣≈♣ ♣ ♣≈≈.♣
♣♣≈≈≈.♣♣♣♣ ♣≈§♣♣
♣....≈♣... ♣≈§§♣
♣.≈≈♣♣≈≈≈. ♣♣≈§♣♣
♣...♣♣.≈≈≈ ♣≈§i♣
♣♣♣♣♣♣♣♣♣≈.≈≈≈
♣♣wi♣♣♣.≈♣♣♣♣♣≈.≈≈≈≈
♣≈@♣♣≈≈...§♣..≈≈≈≈≈
♣≈≈♣♣......≈.≈≈≈≈≈≈
♣≈≈♣♣≈......≈≈≈≈..≈
♣≈≈.♣♣≈≈.|..≈≈≈≈.≈≈
♣♣≈≈♣♣≈≈≈........≈≈
♣♣≈≈♣♣≈≈.<.♣♣♣♣♣.≈≈
♣♣≈≈≈♣♣≈≈...♣ ♣♣♣.
♣≈≈≈.♣≈≈.)≈≈♣♣ ♣.
♣≈≈≈♣♣.≈≈≈≈≈.♣ ♣♣.


You could see a spriggan berserker (berserk), a spriggan druid and a swamp worm.

Vanquished Creatures
  Rupert (D:12)
  Frances (Swamp:1)
  A thorn hunter (Swamp:1)
  Kirke (D:12)
  Nessos (Lair:4)
  6 dire elephants (Lair:6)
  Azrael (D:14)
  Snorg (Lair:3)
  Josephine (D:14)
  A fire dragon (D:14)
  A minotaur (Lab)
  10 hydras
  2 ice dragons (D:15)
  A ghost crab (Swamp:2)
  Erica (D:10)
  An anaconda (Lair:6)
  5 centaur warriors
  12 death yaks
  13 two-headed ogres
  2 ogre magi (Orc:2)
  A death knight (D:11)
  3 alligators
  2 tengu warriors
  Urug (D:11)
  A deep elf knight (Swamp:3)
  Sonja (Lair:2)
  Nergalle (D:10)
  2 deep trolls (Orc:2)
  3 unseen horrors
  Pikel (D:4)
  3 spriggan druids
  A shambling mangrove (Swamp:2)
  4 swamp dragons
  3 deep elf magi
  An ugly thing (D:12)
  2 lindwurms (Volcano)
  2 orc knights
  2 oklob plants
  3 orc sorcerers
  A salamander (shapeshifter) (D:15)
  4 cyclopes
  17 elephants
  A toenail golem (Volcano)
  2 black mambas
  4 centaur zombies
  Maurice (D:8)
  7 molten gargoyles
  15 spiny frogs
  5 kobold demonologists
  2 freezing wraiths (D:11)
  5 komodo dragons
  4 efreet
  5 rime drakes
  12 trolls
  3 blink frogs (Lair:6)
  12 hornets
  A polar bear (Lair:3)
  A queen bee (Lair:1)
  A raiju (shapeshifter) (D:14)
  7 tyrant leeches
  4 bog bodies
  4 slime creatures (Swamp:2)
  4 dream sheep (Lair:5)
  8 hippogriffs
  A meliai zombie (D:14)
  A shadow (Swamp:1)
  8 spriggans
  A vampire (D:11)
  3 wyverns
  5 wraiths
  32 yaks
  Grum (D:9)
  15 humans
  8 fire elementals
  6 hogs
  Eustachio (D:5)
  24 vampire mosquitoes
  3 basilisks
  2 hungry ghosts
  A steam dragon (D:9)
  11 insubstantial wisps
  13 swamp worms
  2 wargs (Orc:2)
  11 water moccasins
  An acid dragon (D:14)
  3 hell hounds (D:14)
  13 orc warriors
  5 porcupines
  6 swamp drakes
  A black bear (D:12)
  2 eyes of draining
  A slave (D:4)
  7 sky beasts
  An ice beast (D:12)
  2 phantoms
  30 ogres
  A necrophage (D:9)
  6 wolves
  10 centaurs
  13 crocodiles
  12 big kobolds
  15 bullfrogs
  An earth elemental (Volcano)
  3 gnoll sergeants
  8 scorpions
  15 wights
  34 killer bees
  4 howler monkeys
  2 electric eels (D:12)
  10 crimson imps
  A lava snake (D:11)
  A bullfrog zombie (D:10)
  11 jellies
  A gnoll shaman (D:9)
  9 hounds
  12 orc priests
  A centaur skeleton (D:10)
  3 iguanas
  15 orc wizards
  11 worker ants
  A killer bee zombie (D:10)
  3 hound skeletons
  A worker ant zombie (D:7)
  Robin (D:2)
  20 gnolls
  A howler monkey skeleton (D:8)
  11 adders
  4 shadow imps
  16 oozes
  An adder zombie (D:9)
  3 adder skeletons
  6 worms
  2 dart slugs
  4 leopard geckos
  58 orcs
  2 ball pythons
  7 bats
  7 giant cockroaches
  20 goblins
  10 hobgoblins
  8 jackals
  6 quokkas
  4 frilled lizards
  A jackal zombie (D:7)
  21 kobolds
  A quokka skeleton (D:6)
  5 rats
  7 plants
881 creatures vanquished.

Vanquished Creatures (collateral kills)
  A spiny frog (shapeshifter) (D:15)
  A plant (D:15)
2 creatures vanquished.

Vanquished Creatures (others)
  A komodo dragon (Lair:1)
  A hornet (Swamp:2)
  A spriggan (Swamp:2)
  A wraith (D:14)
  An earth elemental (Volcano)
  A scorpion (D:5)
  An orc (D:12)
  2 fire vortices (Volcano)
  7 fungi
  6 plants
  A spectral weapon (Swamp:3)
23 creatures vanquished.

Grand Total: 906 creatures vanquished

Notes
Turn   | Place    | Note
-------+----------+-------------------------------------------
     0 | D:1      | keltmir the Gnoll Wanderer began the quest for the Orb.
     0 | D:1      | keltmir set off with: a +0 shield, the Tome of the Snowflakes, a +0 spear, a +0 robe, a ration
     0 | D:1      | Reached XP level 1. HP: 23/23 MP: 4/4
     2 | D:1      | Identified the Tome of the Snowflakes
    22 | D:1      | Found a shattered altar of Ashenzari.
    97 | D:1      | Reached XP level 2. HP: 15/29 MP: 5/5
   834 | D:1      | Reached XP level 3. HP: 35/35 MP: 7/7
  1275 | D:2      | Noticed Robin
  1441 | D:2      | Reached skill level 1 in Invocations
  1480 | D:2      | Killed Robin
  1480 | D:2      | Reached skill level 1 in Short Blades
  1480 | D:2      | Reached skill level 1 in Long Blades
  1480 | D:2      | Reached skill level 1 in Axes
  1480 | D:2      | Reached skill level 1 in Maces & Flails
  1480 | D:2      | Reached skill level 1 in Polearms
  1480 | D:2      | Reached skill level 1 in Staves
  1480 | D:2      | Reached skill level 1 in Slings
  1480 | D:2      | Reached skill level 1 in Bows
  1480 | D:2      | Reached skill level 1 in Crossbows
  1480 | D:2      | Reached skill level 1 in Throwing
  1480 | D:2      | Reached skill level 1 in Armour
  1480 | D:2      | Reached skill level 1 in Unarmed Combat
  1480 | D:2      | Reached XP level 4. HP: 30/41 MP: 8/8
  2115 | D:2      | Reached skill level 1 in Conjurations
  2115 | D:2      | Reached skill level 1 in Hexes
  2115 | D:2      | Reached skill level 1 in Charms
  2115 | D:2      | Reached skill level 1 in Necromancy
  2115 | D:2      | Reached skill level 1 in Translocations
  2115 | D:2      | Reached skill level 1 in Transmutations
  2115 | D:2      | Reached skill level 1 in Fire Magic
  2115 | D:2      | Reached skill level 1 in Ice Magic
  2115 | D:2      | Reached skill level 1 in Air Magic
  2115 | D:2      | Reached skill level 1 in Poison Magic
  2536 | D:3      | Reached XP level 5. HP: 47/47 MP: 9/9
  3472 | D:5      | Entered Level 5 of the Dungeon
  3497 | D:5      | Reached XP level 6. HP: 53/53 MP: 9/11
  3514 | D:5      | Got a bloodstained spear
  3517 | D:5      | Identified the +2 spear of Courage {venom, rPois rN+ Int+7} (You found it on level 5 of the Dungeon)
  3704 | D:7      | Reached XP level 7. HP: 57/59 MP: 12/12
  3739 | D:7      | Got a warped granite ring
  3978 | D:7      | Reached XP level 8. HP: 48/67 MP: 12/14
  4141 | D:7      | Found an opulent altar of Gozag.
  4299 | D:7      | Found a staircase to the Ecumenical Temple.
  4307 | Temple   | Entered the Ecumenical Temple
  4412 | Temple   | Became a worshipper of Warmaster Okawaru
  4723 | D:5      | Identified the ring "Fielan" {Fire +Blink rElec Int+2} (You took it off a centaur on level 7 of the Dungeon)
  4924 | D:5      | Noticed Pikel
  4946 | D:4      | Reached XP level 9. HP: 60/72 MP: 16/16
  5029 | D:4      | Killed Pikel
  5029 | D:4      | Reached * piety under Okawaru
  5029 | D:4      | Reached skill level 5 in Spellcasting
  5744 | D:5      | Noticed Eustachio
  5764 | D:5      | Killed Eustachio
  5764 | D:5      | Reached skill level 5 in Dodging
  5764 | D:5      | Reached skill level 5 in Shields
  5764 | D:5      | Reached skill level 5 in Evocations
  6368 | D:6      | Reached ** piety under Okawaru
  6480 | D:6      | Reached skill level 5 in Stealth
  7272 | D:7      | Found a burning altar of Makhleb.
  7352 | D:7      | Reached skill level 5 in Invocations
  8161 | D:8      | Noticed a death yak
  8169 | D:8      | Noticed a death yak
  8203 | D:8      | Killed a death yak
  8203 | D:8      | Reached *** piety under Okawaru
  8203 | D:8      | Reached XP level 10. HP: 65/80 MP: 18/18
  8289 | D:7      | Killed a death yak
  8289 | D:7      | Reached skill level 5 in Short Blades
  8289 | D:7      | Reached skill level 5 in Long Blades
  8289 | D:7      | Reached skill level 5 in Axes
  8289 | D:7      | Reached skill level 5 in Maces & Flails
  8289 | D:7      | Reached skill level 5 in Polearms
  8289 | D:7      | Reached skill level 5 in Staves
  8289 | D:7      | Reached skill level 5 in Slings
  8289 | D:7      | Reached skill level 5 in Bows
  8289 | D:7      | Reached skill level 5 in Crossbows
  8289 | D:7      | Reached skill level 5 in Throwing
  8289 | D:7      | Reached skill level 5 in Armour
  8289 | D:7      | Reached skill level 5 in Unarmed Combat
  8519 | D:8      | Noticed Maurice
  8634 | D:8      | Killed Maurice
  8634 | D:8      | Reached **** piety under Okawaru
  8914 | D:8      | Found a staircase to the Lair.
  8921 | D:8      | Reached skill level 5 in Summonings
  8921 | D:8      | Reached skill level 5 in Earth Magic
  8925 | D:8      | Noticed a death yak
  8925 | D:8      | Noticed a death yak
  8926 | D:8      | Noticed a death yak
  8934 | D:8      | Noticed a death yak
  8940 | D:8      | Noticed a death yak
  8984 | D:8      | Killed a death yak
  9024 | D:7      | Killed a death yak
  9024 | D:7      | Reached ***** piety under Okawaru
  9543 | D:8      | Killed a death yak
  9543 | D:8      | Reached XP level 11. HP: 66/87 MP: 20/20
  9611 | D:8      | Killed a death yak
  9611 | D:8      | Received a gift from Okawaru
 10086 | D:8      | Killed a death yak
 10086 | D:8      | Reached skill level 5 in Conjurations
 10086 | D:8      | Reached skill level 5 in Hexes
 10086 | D:8      | Reached skill level 5 in Charms
 10086 | D:8      | Reached skill level 5 in Necromancy
 10086 | D:8      | Reached skill level 5 in Translocations
 10086 | D:8      | Reached skill level 5 in Transmutations
 10086 | D:8      | Reached skill level 5 in Fire Magic
 10086 | D:8      | Reached skill level 5 in Ice Magic
 10086 | D:8      | Reached skill level 5 in Air Magic
 10086 | D:8      | Reached skill level 5 in Poison Magic
 10464 | D:9      | Noticed Grum
 10555 | D:9      | Killed Grum
 10566 | D:9      | Found a shadowy altar of Dithmenos.
 10734 | D:9      | Noticed a two-headed ogre
 10757 | D:9      | Killed a two-headed ogre
 10757 | D:9      | Received a gift from Okawaru
 11422 | D:10     | Entered Level 10 of the Dungeon
 11524 | D:10     | Noticed Nergalle
 11554 | D:10     | Noticed a spectral orc warlord
 11555 | D:10     | Killed Nergalle
 11573 | D:10     | Reached ****** piety under Okawaru
 11573 | D:10     | Received a gift from Okawaru
 11701 | D:10     | Noticed Erica
 11720 | D:10     | Killed Erica
 11720 | D:10     | Reached XP level 12. HP: 51/96 MP: 21/23
 12098 | D:10     | Learned a level 3 spell: Conjure Flame
 12639 | D:10     | Learned a level 2 spell: Swiftness
 12724 | D:11     | Noticed a centaur warrior
 12730 | D:11     | Killed a centaur warrior
 12813 | D:11     | Got a glittering golden ring
 12943 | D:11     | Found a staircase to the Orcish Mines.
 12943 | D:11     | Noticed a death knight
 12952 | D:11     | Killed a death knight
 12963 | D:11     | Noticed Urug
 12975 | D:11     | Killed Urug
 13005 | D:11     | Received a gift from Okawaru
 13007 | D:11     | Noticed a tengu warrior
 13008 | D:11     | Noticed a tengu warrior
 13064 | D:10     | Killed a tengu warrior
 13400 | D:11     | Killed a tengu warrior
 13484 | D:11     | Found a deep blue altar of Sif Muna.
 14037 | D:11     | Noticed a two-headed ogre
 14044 | D:11     | Killed a two-headed ogre
 14044 | D:11     | Reached skill level 10 in Fighting
 14741 | D:12     | Reached XP level 13. HP: 56/103 MP: 25/25
 14849 | D:12     | Found Utyupum's Distillery.
 15011 | D:12     | Found a labyrinth entrance.
 15016 | Lab      | Entered a labyrinth
 16117 | Lab      | Noticed a minotaur
 16127 | Lab      | Killed a minotaur
 16377 | D:12     | Bought a potion of cancellation for 112 gold pieces
 16722 | D:12     | Received a gift from Okawaru
 17131 | D:12     | Learned a level 3 spell: Ozocubu's Armour
 17132 | D:12     | Identified the ring of Omite {*Tele Int+4} (You found it on level 11 of the Dungeon)
 17582 | D:13     | Found a gate to the Vaults.
 17582 | D:13     | Noticed Rupert
 17725 | Lair:1   | Entered Level 1 of the Lair of Beasts
 18266 | Lair:1   | Received a gift from Okawaru
 19672 | Lair:2   | Noticed Sonja
 20055 | Lair:2   | Found an opulent altar of Gozag.
 20415 | Lair:2   | Killed Sonja
 20838 | Lair:3   | Found a dark tunnel.
 20847 | Volcano  | Entered a volcano
 21042 | Volcano  | Reached XP level 14. HP: 77/111 MP: 19/27
 21052 | Volcano  | Received a gift from Okawaru
 22105 | Lair:3   | Found a staircase to the Swamp.
 22982 | Lair:4   | Noticed Snorg
 22985 | Lair:4   | Noticed Nessos
 23023 | Lair:3   | Killed Snorg
 23276 | Lair:4   | Killed Nessos
 23449 | Lair:4   | Found a hole to the Spider Nest.
 23651 | Lair:4   | Received a gift from Okawaru
 23662 | Lair:4   | Learned a level 3 spell: Call Canine Familiar
 24196 | Lair:5   | Received a gift from Okawaru
 24458 | Lair:5   | Reached skill level 10 in Invocations
 25368 | Lair:6   | Entered Level 6 of the Lair of Beasts
 25874 | Lair:6   | Noticed a dire elephant
 25889 | Lair:6   | Killed a dire elephant
 25959 | Lair:6   | Noticed a dire elephant
 25985 | Lair:6   | Killed a dire elephant
 26228 | Lair:6   | Noticed a dire elephant
 26228 | Lair:6   | Noticed a dire elephant
 26244 | Lair:6   | Killed a dire elephant
 26259 | Lair:6   | Killed a dire elephant
 26301 | Lair:6   | Noticed a dire elephant
 26313 | Lair:6   | Killed a dire elephant
 26472 | Lair:6   | Noticed a dire elephant
 26498 | Lair:6   | Killed a dire elephant
 26498 | Lair:6   | Reached XP level 15. HP: 84/119 MP: 20/28
 26635 | Lair:6   | Reached skill level 10 in Spellcasting
 26644 | Lair:6   | Found a staircase to the Slime Pits.
 26706 | Lair:6   | Got a fine flail
 26707 | Lair:6   | Identified the +7 flail "Hiatym" {crush, rPois rN+} (You found it on level 6 of the Lair of Beasts)
 26733 | Lair:6   | Received a gift from Okawaru
 26822 | Lair:5   | Reached skill level 10 in Dodging
 26822 | Lair:5   | Reached skill level 10 in Shields
 26822 | Lair:5   | Reached skill level 10 in Evocations
 26985 | Lair:6   | Reached skill level 10 in Stealth
 27758 | D:13     | Noticed Kirke
 27837 | D:12     | HP: 1/119 [harpy[Kirke] (6)]
 27839 | D:12     | Killed Kirke
 29180 | D:12     | Killed Rupert
 29180 | D:12     | Received a gift from Okawaru
 29496 | D:13     | Reached skill level 10 in Short Blades
 29496 | D:13     | Reached skill level 10 in Long Blades
 29496 | D:13     | Reached skill level 10 in Axes
 29496 | D:13     | Reached skill level 10 in Maces & Flails
 29496 | D:13     | Reached skill level 10 in Polearms
 29496 | D:13     | Reached skill level 10 in Staves
 29496 | D:13     | Reached skill level 10 in Slings
 29496 | D:13     | Reached skill level 10 in Bows
 29496 | D:13     | Reached skill level 10 in Crossbows
 29496 | D:13     | Reached skill level 10 in Throwing
 29496 | D:13     | Reached skill level 10 in Armour
 29496 | D:13     | Reached skill level 10 in Unarmed Combat
 29890 | D:13     | Received a gift from Okawaru
 29893 | D:13     | Got an encrusted ring mail {god gift}
 29894 | D:13     | Identified the +1 ring mail of the Immovable Hells {*Drain rF+ Int+2 SInv} (Okawaru gifted it to you on level 13 of the Dungeon)
 30323 | D:14     | Noticed Roxanne
 30615 | D:14     | Noticed Azrael
 30619 | D:14     | Noticed Josephine
 30629 | D:14     | Killed Josephine
 30656 | D:14     | Killed Azrael
 31363 | D:15     | Entered Level 15 of the Dungeon
 31542 | D:15     | Found an opulent altar of Gozag.
 31564 | D:15     | Found Mad Gasa's Assorted Antiques.
 31587 | D:15     | Bought a scroll labeled MEOKHL UTAYCI for 36 gold pieces
 31645 | D:15     | Got a steaming long sword
 31646 | D:15     | Identified the +6 long sword of Elam {venom, Str+4 Int+3} (You found it on level 15 of the Dungeon)
 31676 | D:15     | Found a blossoming altar of Fedhas.
 32113 | D:15     | Found a staircase to the Depths.
 32497 | Orc:1    | Entered Level 1 of the Orcish Mines
 32547 | Orc:1    | Reached XP level 16. HP: 127/127 MP: 30/30
 32689 | Orc:2    | Entered Level 2 of the Orcish Mines
 32870 | Orc:2    | Received a gift from Okawaru
 32892 | Orc:2    | Found a staircase to the Elven Halls.
 33156 | Orc:2    | Found Rumoew's Jewellery Shoppe.
 33157 | Orc:2    | Found Tuggit's Jewellery Boutique.
 33160 | Orc:2    | Found Kuown's Antique Weapon Boutique.
 33269 | Orc:2    | Found Udiviw's General Store.
 33364 | Orc:2    | Bought a potion of invisibility for 88 gold pieces
 33411 | Orc:2    | Bought a +3 amulet of reflection for 266 gold pieces
 34054 | Orc:2    | Bought an ancient battleaxe for 287 gold pieces
 34054 | Orc:2    | Identified the cursed +2 battleaxe "ETAOIN SHRDLU" {drain, +Fly Int+4} (You bought it in a shop on level 2 of the Orcish Mines)
 34686 | Swamp:1  | Entered Level 1 of the Swamp
 35787 | Orc:2    | Bought an uncursed ring of poison resistance for 240 gold pieces
 36264 | Swamp:1  | Noticed a thorn hunter
 36273 | Swamp:1  | Killed a thorn hunter
 36561 | Swamp:1  | Noticed Frances
 36580 | Swamp:1  | Killed Frances
 36602 | Swamp:1  | Received a gift from Okawaru
 37671 | Swamp:2  | Received a gift from Okawaru
 38646 | Swamp:2  | Paralysed by a hornet for 3 turns
 38997 | Swamp:2  | Received a gift from Okawaru
 39000 | Swamp:2  | Identified the +2 ring mail of the Garden {MR- Int+3 SInv} (Okawaru gifted it to you on level 2 of the Swamp)
 39826 | Swamp:3  | Reached XP level 17. HP: 135/135 MP: 32/32
 40330 | Swamp:3  | Learned a level 3 spell: Regeneration
 40334 | Swamp:3  | Learned a level 3 spell: Spectral Weapon
 40715 | Swamp:3  | Slain by a swamp worm

Skill      XL: |  1  2  3  4  5  6  7  8  9 10 11 12 13 14 15 16 17 |
---------------+----------------------------------------------------+-----
Summonings     | 2 3 4 5 6 7 8 9 |  9.8
Earth Magic    | 2 3 4 5 6 7 8 9 |  9.8
Invocations    | 1 2 3 4 5 6 7 8 9 10 11 12 | 12.1
Short Blades   | 1 2 3 4 5 6 7 8 9 10 11 | 11.2
Long Blades    | 1 2 3 4 5 6 7 8 9 10 11 | 11.2
Axes           | 1 2 3 4 5 6 7 8 9 10 11 | 11.2
Maces & Flails | 1 2 3 4 5 6 7 8 9 10 11 | 11.2
Polearms       | 1 2 3 4 5 6 7 8 9 10 11 | 11.2
Staves         | 1 2 3 4 5 6 7 8 9 10 11 | 11.2
Slings         | 1 2 3 4 5 6 7 8 9 10 11 | 11.2
Bows           | 1 2 3 4 5 6 7 8 9 10 11 | 11.2
Crossbows      | 1 2 3 4 5 6 7 8 9 10 11 | 11.2
Throwing       | 1 2 3 4 5 6 7 8 9 10 11 | 11.2
Armour         | 1 2 3 4 5 6 7 8 9 10 11 | 11.2
Unarmed Combat | 1 2 3 4 5 6 7 8 9 10 11 | 11.2
Spellcasting   | 3 4 5 6 7 8 9 10 11 | 11.5
Conjurations   | 1 2 3 4 5 6 7 8 9 |  9.5
Hexes          | 1 2 3 4 5 6 7 8 9 |  9.5
Charms         | 1 2 3 4 5 6 7 8 9 |  9.5
Necromancy     | 1 2 3 4 5 6 7 8 9 |  9.5
Translocations | 1 2 3 4 5 6 7 8 9 |  9.5
Transmutations | 1 2 3 4 5 6 7 8 9 |  9.5
Fire Magic     | 1 2 3 4 5 6 7 8 9 |  9.5
Ice Magic      | 1 2 3 4 5 6 7 8 9 |  9.5
Air Magic      | 1 2 3 4 5 6 7 8 9 |  9.5
Poison Magic   | 1 2 3 4 5 6 7 8 9 |  9.5
Dodging        | 3 4 5 6 7 8 9 10 11 | 11.4
Shields        | 3 4 5 6 7 8 9 10 11 | 11.4
Evocations     | 3 4 5 6 7 8 9 10 11 | 11.4
Stealth        | 3 4 5 6 7 8 9 10 11 | 11.4
Fighting       | 7 8 9 10 11 12 | 12.7

Action                   |  1- 3 |  4- 6 |  7- 9 | 10-12 | 13-15 | 16-18 || total
-------------------------+-------+-------+-------+-------+-------+-------++-------
Melee: Spear             |    48 |    38 |   514 |   434 |       |       ||  1034
       Bite              |    12 |    20 |    57 |    88 |   230 |    95 ||   502
       Dagger            |    49 |       |       |       |       |       ||    49
       Hand axe          |    34 |   139 |       |       |       |       ||   173
       Battleaxe         |       |       |       |   215 |   135 |       ||   350
       Demon trident     |       |       |       |       |  1474 |   778 ||  2252
       Unarmed           |       |       |       |       |    11 |       ||    11
       Flail             |       |       |       |       |       |    56 ||    56
 Fire: Blowgun           |       |       |       |       |    52 |     4 ||    56
Throw: Tomahawk          |       |       |       |    19 |     5 |       ||    24
       Javelin           |       |       |       |       |    10 |    25 ||    35
       Throwing net      |       |       |       |       |     1 |       ||     1
 Cast: Spectral Weapon   |       |       |       |       |       |     4 ||     4
       Regeneration      |       |       |       |       |       |     3 ||     3
Invok: Finesse           |       |       |       |     3 |     1 |       ||     4
       Heroism           |       |       |       |     2 |     2 |       ||     4
 Abil: Evoke Invisibilit |       |       |       |       |     1 |     1 ||     2
Evoke: Wand              |       |       |       |     8 |    12 |     6 ||    26
  Use: Scroll            |     1 |     9 |     5 |     8 |    27 |     6 ||    56
       Potion            |       |       |       |     4 |     8 |     2 ||    14
 Stab: Sleeping          |     3 |       |       |       |       |       ||     3
       Paralysed         |       |       |       |     4 |       |       ||     4
       Distracted        |       |       |       |       |     3 |     1 ||     4
       Invisible         |       |       |       |       |     6 |       ||     6
  Eat: Chunk             |     2 |     7 |    11 |    19 |    47 |    15 ||   101
       Ration            |       |       |     1 |     2 |     4 |     4 ||    11
Armor: Robe              |     5 |       |       |       |       |       ||     5
       Leather armour    |     1 |       |       |       |       |       ||     1
       Ring mail         |    27 |       |       |       |       |       ||    27
       Chain mail        |       |    98 |    97 |       |       |       ||   195
       Plate armour      |       |       |   153 |   443 |  1144 |   379 ||  2119
Dodge: Dodged            |    44 |    48 |   115 |   272 |   936 |   369 ||  1784
Block: Shield            |    52 |    79 |   245 |   216 |       |       ||   592
       Buckler           |       |       |       |       |   453 |   320 ||   773
       Reflection        |       |       |       |       |       |     6 ||     6
